TOP OF THE 1ST |
Coastal Carolina University Chanticleers batting - Pitching for Mississippi State University Bulldogs : RHP Gary Gamble
|
Pitching: RHP Gary Gamble
|
|
Batting: RHB Tatsunori Ishigaki
|
0-0: Ball 1-0: Ball 2-0: Ball 3-0: Called Strike 3-1: Base on Balls
|
Batting: RHB Dennis Bennett
|
0-0: Ball Tatsunori Ishigaki steals 2nd base 1-0: Ball 2-0: Ground out 4-3 (Groundball, 4MS, EV 82.5 MPH) Tatsunori Ishigaki to third
|
Batting: RHB Johnnie Cowan
|
0-0: Ball 1-0: Hit by Pitch
|
Batting: RHB Alex Montiel
|
0-0: Swinging Strike 0-1: Foul Ball, location: 2F 0-2: Strikes out swinging
|
Batting: RHB Mark Tart
|
0-0: Ball 1-0: Ball 2-0: Ground out 4-3 (Groundball, 4, EV 110.6 MPH)
|
Top of the 1st over - 0 runs, 0 hits, 0 errors, 2 left on base; Coastal Carolina University 0 - Mississippi State University 0 |
BOTTOM OF THE 1ST |
Mississippi State University Bulldogs batting - Pitching for Coastal Carolina University Chanticleers : LHP Arturo Guevara
|
Pitching: LHP Arturo Guevara
|
|
Batting: RHB Freddie Kite
|
0-0: Ground out 6-3 (Groundball, 56, EV 103.8 MPH)
|
Batting: RHB Masahito Sunada
|
0-0: Called Strike 0-1: Swinging Strike 0-2: Ground out 6-3 (Groundball, 4M, EV 103.8 MPH)
|
Batting: RHB Benito Gonzales
|
0-0: Ball 1-0: Swinging Strike 1-1: Foul Ball, location: 2F 1-2: Strikes out looking
|
Bottom of the 1st over - 0 runs, 0 hits, 0 errors, 0 left on base; Coastal Carolina University 0 - Mississippi State University 0 |
TOP OF THE 2ND |
Coastal Carolina University Chanticleers batting - Pitching for Mississippi State University Bulldogs : RHP Gary Gamble
|
Batting: RHB Chris McDaniel
|
0-0: Ball 1-0: Called Strike 1-1: Foul Ball, location: 2F 1-2: Ball 2-2: Strikes out swinging
|
Batting: LHB Justin Sanders
|
0-0: Foul Ball, location: 2F 0-1: Ground out 3-1 (Groundball, 34D, EV 104.4 MPH)
|
Batting: SHB Iher Waithaka
|
0-0: Foul Ball, location: 2F 0-1: Ball 1-1: Foul Ball, location: 2F 1-2: Strikes out swinging
|
Top of the 2nd over - 0 runs, 0 hits, 0 errors, 0 left on base; Coastal Carolina University 0 - Mississippi State University 0 |
BOTTOM OF THE 2ND |
Mississippi State University Bulldogs batting - Pitching for Coastal Carolina University Chanticleers : LHP Arturo Guevara
|
Batting: RHB Cody Ammann
|
0-0: Ball 1-0: Ball 2-0: Called Strike 2-1: Fly out, F8 (Flyball, 8RD, EV 105.6 MPH)
|
Batting: RHB Josh Stene
|
0-0: Swinging Strike 0-1: Foul Ball, location: 2F 0-2: Ball 1-2: Foul Ball, location: 2F 1-2: Strikes out swinging
|
Batting: RHB Eric Riley
|
0-0: Ball 1-0: Called Strike 1-1: Ball 2-1: Foul Ball, location: 2F 2-2: Strikes out looking
|
Bottom of the 2nd over - 0 runs, 0 hits, 0 errors, 0 left on base; Coastal Carolina University 0 - Mississippi State University 0 |
TOP OF THE 3RD |
Coastal Carolina University Chanticleers batting - Pitching for Mississippi State University Bulldogs : RHP Gary Gamble
|
Batting: LHB Jason Melek
|
0-0: Called Strike 0-1: Ball 1-1: Called Strike 1-2: Foul Ball, location: 2F 1-2: Strikes out swinging
|
Batting: RHB Tatsunori Ishigaki
|
0-0: Called Strike 0-1: Ball 1-1: Foul Ball, location: 2F 1-2: Fly out, F9 (Flyball, 9S, EV 91.2 MPH)
|
Batting: RHB Dennis Bennett
|
0-0: Ball 1-0: Foul Ball, location: 2F 1-1: SINGLE (Line Drive, 8LS, EV 94.4 MPH)
|
Batting: RHB Johnnie Cowan
|
0-0: Called Strike 0-1: Swinging Strike 0-2: Ball 1-2: Ball 2-2: Ball Dennis Bennett is caught stealing 2nd base 2-4
|
Top of the 3rd over - 0 runs, 1 hit, 0 errors, 0 left on base; Coastal Carolina University 0 - Mississippi State University 0 |
BOTTOM OF THE 3RD |
Mississippi State University Bulldogs batting - Pitching for Coastal Carolina University Chanticleers : LHP Arturo Guevara
|
Batting: RHB Logan Strassburg
|
0-0: Ball 1-0: Foul Ball, location: 2F 1-1: Ball 2-1: SINGLE (Flyball, 8RS, EV 88.8 MPH)
|
Batting: RHB Karl Lukasiewicz
|
0-0: Ball 1-0: Swinging Strike 1-1: Called Strike 1-2: Foul Ball, location: 2F 1-2: Fly out, F9 (Flyball, 9, EV 95.6 MPH)
|
Batting: RHB Bill Petipas
|
0-0: Foul Ball, location: 2F 0-1: Ball 1-1: Swinging Strike 1-2: Ball 2-2: Ball 3-2: Foul Ball, location: 2F 3-2: Foul Ball, location: 2F 3-2: Strikes out swinging
|
Batting: RHB Freddie Kite
|
0-0: Ball 1-0: Fly out, F9 (Flyball, 89M, EV 89.4 MPH)
|
Bottom of the 3rd over - 0 runs, 1 hit, 0 errors, 1 left on base; Coastal Carolina University 0 - Mississippi State University 0 |
TOP OF THE 4TH |
Coastal Carolina University Chanticleers batting - Pitching for Mississippi State University Bulldogs : RHP Gary Gamble
|
Batting: RHB Johnnie Cowan
|
0-0: Ball 1-0: Called Strike 1-1: Swinging Strike 1-2: Ground out 6-3 (Groundball, 6M, EV 104.4 MPH)
|
Batting: RHB Alex Montiel
|
0-0: SINGLE (Groundball, 5S, EV 69.4 MPH) (infield hit)
|
Batting: RHB Mark Tart
|
0-0: Called Strike Alex Montiel is caught stealing 2nd base 2-4 0-1: Foul Ball, location: 2F 0-2: Ball 1-2: Strikes out swinging
|
Top of the 4th over - 0 runs, 1 hit, 0 errors, 0 left on base; Coastal Carolina University 0 - Mississippi State University 0 |
BOTTOM OF THE 4TH |
Mississippi State University Bulldogs batting - Pitching for Coastal Carolina University Chanticleers : LHP Arturo Guevara
|
Batting: RHB Masahito Sunada
|
0-0: Called Strike 0-1: Called Strike 0-2: Strikes out swinging
|
Batting: RHB Benito Gonzales
|
0-0: Swinging Strike 0-1: Swinging Strike 0-2: Strikes out looking
|
Batting: RHB Cody Ammann
|
0-0: Foul Ball, location: 2F 0-1: Fly out, F4 (Popup, 4, EV 81.2 MPH)
|
Bottom of the 4th over - 0 runs, 0 hits, 0 errors, 0 left on base; Coastal Carolina University 0 - Mississippi State University 0 |
TOP OF THE 5TH |
Coastal Carolina University Chanticleers batting - Pitching for Mississippi State University Bulldogs : RHP Gary Gamble
|
Batting: RHB Chris McDaniel
|
0-0: Ball 1-0: Called Strike 1-1: Ball 2-1: Called Strike 2-2: Strikes out looking
|
Batting: LHB Justin Sanders
|
0-0: Ball 1-0: Called Strike 1-1: Ball 2-1: Called Strike 2-2: Ball 3-2: Ground out U3 (Groundball, 34, EV 83.1 MPH)
|
Batting: SHB Iher Waithaka
|
0-0: Ball 1-0: Called Strike 1-1: Ball 2-1: Swinging Strike 2-2: Ball 3-2: Strikes out swinging
|
Top of the 5th over - 0 runs, 0 hits, 0 errors, 0 left on base; Coastal Carolina University 0 - Mississippi State University 0 |
BOTTOM OF THE 5TH |
Mississippi State University Bulldogs batting - Pitching for Coastal Carolina University Chanticleers : LHP Arturo Guevara
|
Batting: RHB Josh Stene
|
0-0: Ball 1-0: Called Strike 1-1: Ball 2-1: Ball 3-1: Base on Balls
|
Batting: RHB Eric Riley
|
0-0: Foul Ball, location: 2F 0-1: Ball 1-1: Ball 2-1: Ball 3-1: Called Strike 3-2: Foul Ball, location: 2F 3-2: Fielders Choice at 2nd, 6-4 (Groundball, 6, EV 100.6 MPH)
|
Batting: RHB Logan Strassburg
|
0-0: Ball 1-0: Ball 2-0: Called Strike 2-1: Foul Ball, location: 2F 2-2: Ball 3-2: DOUBLE (Groundball, 3L, EV 106.9 MPH) Eric Riley to third Runner from 3rd tries for Home, SAFE, throw by RF to home
|
Batting: RHB Karl Lukasiewicz
|
0-0: Ball 1-0: Swinging Strike 1-1: Foul Ball, location: 2F 1-2: Ground out U3 (Groundball, 34, EV 102.5 MPH) Logan Strassburg to third
|
Batting: RHB Bill Petipas
|
0-0: Fly out, F9 (Flyball, 9LS, EV 93.1 MPH)
|
Bottom of the 5th over - 1 run, 1 hit, 0 errors, 1 left on base; Coastal Carolina University 0 - Mississippi State University 1 |
TOP OF THE 6TH |
Coastal Carolina University Chanticleers batting - Pitching for Mississippi State University Bulldogs : RHP Gary Gamble
|
Batting: LHB Jason Melek
|
0-0: Called Strike 0-1: Swinging Strike 0-2: Foul Ball, location: 2F 0-2: Strikes out swinging
|
Batting: RHB Tatsunori Ishigaki
|
0-0: Called Strike 0-1: Foul Ball, location: 2F 0-2: Ground out U3 (Groundball, 3, EV 99.4 MPH)
|
Batting: RHB Dennis Bennett
|
0-0: Ball 1-0: Ground out 1-3 (Groundball, 13S, EV 70.0 MPH)
|
Top of the 6th over - 0 runs, 0 hits, 0 errors, 0 left on base; Coastal Carolina University 0 - Mississippi State University 1 |
BOTTOM OF THE 6TH |
Mississippi State University Bulldogs batting - Pitching for Coastal Carolina University Chanticleers : LHP Arturo Guevara
|
Batting: RHB Freddie Kite
|
0-0: Ball 1-0: Foul Ball, location: 2F 1-1: DOUBLE (Line Drive, 7LM, EV 106.9 MPH)
|
Pitching: LHP Caleb Rohde
|
|
Batting: RHB Masahito Sunada
|
0-0: Ball 1-0: Foul Ball, location: 2F 1-1: Ball Wild Pitch! Freddie Kite to third 2-1: DOUBLE (Line Drive, 5D, EV 100.6 MPH) Freddie Kite scores
|
Batting: RHB Benito Gonzales
|
0-0: Foul Ball, location: 2F 0-1: Ball 1-1: Ground out 6-3 (Groundball, 6, EV 101.2 MPH)
|
Batting: RHB Cody Ammann
|
0-0: Ball 1-0: Ball 2-0: Called Strike 2-1: Ball 3-1: Base on Balls
|
Batting: RHB Josh Stene
|
0-0: Called Strike 0-1: Ball Wild Pitch! Masahito Sunada to third Cody Ammann to second 1-1: Ball 2-1: Ball 3-1: Base on Balls
|
Batting: RHB Eric Riley
|
0-0: Ball 1-0: Ball 2-0: Ball 3-0: Base on Balls Masahito Sunada scores Cody Ammann to third Josh Stene to second
|
Batting: RHB Logan Strassburg
|
0-0: SINGLE (Flyball, 4D, EV 96.2 MPH) Cody Ammann scores Josh Stene to third Eric Riley to second
|
Batting: RHB Karl Lukasiewicz
|
0-0: Foul Ball, location: 2F 0-1: Ball 1-1: Fly out, F9 (Line Drive, 9, EV 101.2 MPH) Runner from 3rd tags up, SCORES, throw by RF
|
Batting: RHB Bill Petipas
|
0-0: Called Strike 0-1: Swinging Strike 0-2: Ball 1-2: Ball 2-2: Ground out 5-3 (Groundball, 56S, EV 71.9 MPH)
|
Bottom of the 6th over - 4 runs, 3 hits, 0 errors, 2 left on base; Coastal Carolina University 0 - Mississippi State University 5 |
TOP OF THE 7TH |
Coastal Carolina University Chanticleers batting - Pitching for Mississippi State University Bulldogs : RHP Gary Gamble
|
Pitching: RHP Esteban Vidal
|
|
Batting: RHB Johnnie Cowan
|
0-0: Ground out 6-3 (Groundball, 6, EV 81.9 MPH)
|
Batting: RHB Alex Montiel
|
0-0: Ball 1-0: Ball 2-0: Swinging Strike 2-1: Called Strike 2-2: Foul Ball, location: 2F 2-2: Foul Ball, location: 2F 2-2: Strikes out looking
|
Batting: RHB Mark Tart
|
0-0: Called Strike 0-1: Ball 1-1: Foul Ball, location: 2F 1-2: Fly out, F6 (Popup, 6MS, EV 66.9 MPH)
|
Top of the 7th over - 0 runs, 0 hits, 0 errors, 0 left on base; Coastal Carolina University 0 - Mississippi State University 5 |
BOTTOM OF THE 7TH |
Mississippi State University Bulldogs batting - Pitching for Coastal Carolina University Chanticleers : LHP Caleb Rohde
|
Batting: RHB Freddie Kite
|
0-0: SINGLE (Groundball, 56D, EV 104.4 MPH)
|
Batting: RHB Masahito Sunada
|
0-0: Called Strike Freddie Kite is caught stealing 2nd base 2-4 0-1: Called Strike 0-2: SINGLE (Line Drive, 8LS, EV 85.6 MPH)
|
Pitching: RHP Dennis Margolis
|
|
Batting: RHB Benito Gonzales
|
0-0: Ball 1-0: Ball 2-0: Ball 3-0: Base on Balls Masahito Sunada to second
|
Batting: RHB Cody Ammann
|
0-0: Fly out, F4 (Popup, 4, EV 76.2 MPH)
|
Batting: RHB Josh Stene
|
0-0: Ball 1-0: SINGLE (Groundball, 34D, EV 105.0 MPH) Masahito Sunada to third Benito Gonzales to second Runner from 3rd tries for Home, SAFE, throw by RF to home
|
Batting: RHB Eric Riley
|
0-0: Ball 1-0: Ball 2-0: Swinging Strike 2-1: Ball 3-1: Called Strike 3-2: 3-RUN HOME RUN (Line Drive, 7D, EV 94.4 MPH), Distance : 378 ft
|
Batting: RHB Logan Strassburg
|
0-0: Ball 1-0: Foul Ball, location: 2F 1-1: Swinging Strike 1-2: Foul Ball, location: 2F 1-2: Ball 2-2: Foul Ball, location: 2F 2-2: Fly out, F7 (Line Drive, 7, EV 93.1 MPH)
|
Bottom of the 7th over - 4 runs, 4 hits, 0 errors, 0 left on base; Coastal Carolina University 0 - Mississippi State University 9 |
TOP OF THE 8TH |
Coastal Carolina University Chanticleers batting - Pitching for Mississippi State University Bulldogs : RHP Esteban Vidal
|
Batting: RHB Chris McDaniel
|
0-0: Fly out, F9 (Flyball, 9LSF, EV 93.1 MPH)
|
Batting: LHB Justin Sanders
|
0-0: Ball 1-0: Ball 2-0: Swinging Strike 2-1: Called Strike 2-2: Strikes out swinging
|
Batting: SHB Iher Waithaka
|
0-0: Foul Ball, location: 2F 0-1: Called Strike 0-2: Strikes out swinging
|
Top of the 8th over - 0 runs, 0 hits, 0 errors, 0 left on base; Coastal Carolina University 0 - Mississippi State University 9 |
BOTTOM OF THE 8TH |
Mississippi State University Bulldogs batting - Pitching for Coastal Carolina University Chanticleers : RHP Dennis Margolis
|
Batting: RHB Karl Lukasiewicz
|
0-0: Ball 1-0: Foul Ball, location: 2F 1-1: Ball 2-1: Swinging Strike 2-2: SINGLE (Groundball, 56D, EV 100.0 MPH)
|
Batting: RHB Bill Petipas
|
0-0: Ball 1-0: Ball 2-0: Ball 3-0: Base on Balls Karl Lukasiewicz to second
|
Pinch Hitting: LHB Tom Ploughman
|
0-0: Grounds out, U3 (Groundball, 3L, EV 86.2 MPH) Karl Lukasiewicz to third
|
Batting: RHB Masahito Sunada
|
0-0: SINGLE (Groundball, 56D, EV 105.6 MPH) Karl Lukasiewicz scores Bill Petipas to third Runner from 3rd tries for Home, SAFE, throw by LF to home Masahito Sunada to second
|
Pitching: LHP Kurt Koehn
|
|
Batting: RHB Benito Gonzales
|
0-0: Ball 1-0: Ball 2-0: Ball 3-0: Base on Balls
|
Batting: RHB Cody Ammann
|
0-0: Ball 1-0: Foul Ball, location: 2F 1-1: Ball 2-1: Fly out, F9 (Flyball, 9S, EV 85.6 MPH)
|
Batting: RHB Josh Stene
|
0-0: Called Strike 0-1: Foul Ball, location: 2F 0-2: Ball 1-2: SINGLE (Line Drive, 89S, EV 106.2 MPH) Masahito Sunada to third Benito Gonzales to second
|
Batting: RHB Eric Riley
|
0-0: Called Strike 0-1: Swinging Strike 0-2: Ball 1-2: Foul Ball, location: 2F 1-2: Ball 2-2: Ball 3-2: Foul Ball, location: 2F 3-2: Base on Balls Masahito Sunada scores Benito Gonzales to third Josh Stene to second
|
Batting: RHB Logan Strassburg
|
0-0: Ball 1-0: Foul Ball, location: 2F 1-1: Ball 2-1: Foul Ball, location: 2F 2-2: Foul Ball, location: 2F 2-2: Ball 3-2: Foul Ball, location: 2F 3-2: Foul Ball, location: 2F 3-2: Strikes out swinging
|
Bottom of the 8th over - 3 runs, 3 hits, 0 errors, 3 left on base; Coastal Carolina University 0 - Mississippi State University 12 |
TOP OF THE 9TH |
Coastal Carolina University Chanticleers batting - Pitching for Mississippi State University Bulldogs : RHP Esteban Vidal
|
Now at SS: Jun Qing
|
|
Batting: LHB Jason Melek
|
0-0: Ground out U3 (Groundball, 3, EV 81.2 MPH)
|
Batting: RHB Tatsunori Ishigaki
|
0-0: Ball 1-0: Foul Ball, location: 2F 1-1: Foul Ball, location: 2F 1-2: Ball 2-2: Strikes out swinging
|
Batting: RHB Dennis Bennett
|
0-0: Ground out 1-3 (Groundball, 15S, EV 73.8 MPH)
|
Top of the 9th over - 0 runs, 0 hits, 0 errors, 0 left on base; Coastal Carolina University 0 - Mississippi State University 12 |
|